Tampa Bay Lightning vs Florida Panthers

Created - dimanche 10 février 2019 at 19:00

Goals
1 2 3 OT1 T
Tampa Bay Lightning 1 1 0 0 2
Florida Panthers 0 0 2 1 3
Shots
1 2 3 OT1 T
Tampa Bay Lightning 15 11 11 1 38
Florida Panthers 5 9 7 2 23

1st period

1. Tampa Bay Lightning , Mathew Barzal 9 (Alex Killorn 12) at 15:51

Penalties :
No Penalty

2nd period

2. Tampa Bay Lightning , Zack Smith 6 (Cedric Paquette 4, Vladislav Namestnikov 12) at 7:56

Penalties :
Cedric Paquette (TBL) for Holding (Minor) at 10:59

3rd period

3. Florida Panthers , Jared McCann 7 (Vincent Trocheck 29) at 14:11 (PP)
4. Florida Panthers , Aleksander Barkov 21 (Jonathan Huberdeau 24, Brooks Orpik 9) at 19:54

Penalties :
Jared McCann (FLO) for Hooking (Minor) at 3:56, Radko Gudas (TBL) for Tripping (Minor) at 13:53, Nick Bjugstad (FLO) for Holding (Minor) at 14:33, Travis Hamonic (TBL) for Hooking (Minor) at 17:15

Overtime #1

5. Florida Panthers , Jonathan Huberdeau 20 (Brock Boeser 20, Darnell Nurse 12) at 0:45

Penalties :
No Penalty

Goalie Stats

Andrei Vasilevskiy (TBL), 20 saves from 23 shots - (0.870), OTL, 23-21-10, 60:45 minutes
Roberto Luongo (FLO), 36 saves from 38 shots - (0.947), W, 21-15-11, 60:29 minutes

Players Stats for Tampa Bay Lightning

Player Name              G  A  P  +/- PIM S  H  SB GA TA FO     MP     PP MP  PK MP  
------------------------------------------------------------------------------------
Alex Killorn             0  1  1   1  0   1  6  0  0  0  0/1    17:42   2:08   2:10 
Andrej Sustr             0  0  0   1  0   3  0  1  0  2  0/0    16:30   0:00   0:18 
Anton Stralman           0  0  0   0  0   0  1  2  0  0  0/0    22:28   1:37   1:13 
Cedric Paquette          0  1  1   1  2   2  4  0  1  0  0/0    11:57   0:00   0:00 
Jonathan Drouin          0  0  0   0  0   1  2  0  0  0  0/0    13:20   1:46   0:05 
Joonas Donskoi           0  0  0   0  0   2  4  0  0  0  0/1    11:57   0:07   0:05 
Marc-Edouard Vlasic      0  0  0   0  0   3  3  2  0  1  0/0    26:15   2:21   2:54 
Mathew Barzal            1  0  1   0  0   3  2  0  0  0  7/10   15:40   2:09   0:00 
Ondrej Palat             0  0  0  -1  0   5  8  0  0  1  1/1    17:11   0:00   2:01 
Radko Gudas              0  0  0   2  2   0  2  0  0  0  0/0     7:43   1:37   0:00 
Travis Hamonic           0  0  0  -1  2   1  3  1  0  2  0/0    23:13   0:00   1:04 
Tyler Johnson            0  0  0  -2  0   2  2  0  0  0  2/6    19:08   1:46   2:01 
Victor Hedman            0  0  0  -2  0   0  3  0  0  0  0/0    24:54   2:21   3:03 
Victor Rask              0  0  0   0  0   0  1  1  3  0  5/5    11:41   0:00   0:00 
Vladimir Tarasenko       0  0  0   1  0   5  1  0  1  0  0/2    15:44   2:12   0:00 
Vladislav Namestnikov    0  1  1   1  0   4  2  0  2  0  0/0    11:44   0:00   0:00 
Yanni Gourde             0  0  0   0  0   4  1  0  2  1  9/20   16:55   1:46   0:00 
Zack Smith               1  0  1   1  0   2  3  0  0  0  4/10   13:54   0:00   2:10 

Players Stats for Florida Panthers

Player Name              G  A  P  +/- PIM S  H  SB GA TA FO     MP     PP MP  PK MP  
------------------------------------------------------------------------------------
Aleksander Barkov        1  0  1   0  0   3  1  0  0  0  12/24  24:42   2:13   2:01 
Andrew Cogliano          0  0  0   0  0   0  0  0  0  0  0/0     1:35   0:00   0:25 
Brett Ritchie            0  0  0   0  0   0  1  0  0  0  0/0     7:41   0:04   0:00 
Brock Boeser             0  1  1   0  0   1  3  0  0  2  0/0    15:49   0:00   0:00 
Brooks Orpik             0  1  1   0  0   1  1  0  0  1  0/0    20:13   2:08   1:50 
Darnell Nurse            0  1  1   1  0   2  1  1  0  1  0/0    23:36   2:08   2:08 
Jared McCann             1  0  1   0  2   4  0  1  2  0  5/9    16:32   2:03   0:00 
Jay Bouwmeester          0  0  0   0  0   0  1  2  0  0  0/0    20:13   2:08   1:50 
Jimmy Vesey              0  0  0  -1  0   1  2  0  0  0  1/1    17:39   2:03   0:00 
Jonathan Huberdeau       1  1  2   1  0   1  0  0  1  0  0/3    18:37   2:13   1:57 
Keith Yandle             0  0  0   0  0   1  2  3  0  1  0/0    24:07   2:08   2:08 
Mark Jankowski           0  0  0   0  0   0  1  2  0  0  0/2     9:18   0:00   0:49 
Mark Pysyk               0  0  0  -1  0   0  3  1  0  0  0/0    16:18   0:00   0:00 
Melker Karlsson          0  0  0   0  0   4  1  1  2  1  0/2    14:06   0:00   0:00 
Mike Matheson            0  0  0  -1  0   0  2  0  0  2  0/0    16:18   0:00   0:00 
Nick Bjugstad            0  0  0   0  2   2  0  0  1  1  0/1    17:26   2:09   0:56 
Radim Vrbata             0  0  0   0  0   1  1  0  0  0  0/0    14:06   0:00   0:00 
Vincent Trocheck         0  1  1  -1  0   2  2  0  1  0  10/14  19:59   2:03   1:48 

3 Stars

1 - Roberto Luongo (FLO)
2 - Jonathan Huberdeau (FLO)
3 - Zack Smith (TBL)

Power Play

Tampa Bay Lightning - 0 on 2 Attempt(s) - 0.00%
Florida Panthers - 1 on 3 Attempt(s) - 33.33%

Penalty Kill

Tampa Bay Lightning - 2 on 3 Attempt(s) - 66.67% - Score 0 goal in Penalty Kill
Florida Panthers - 2 on 2 Attempt(s) - 100.00% - Score 0 goal in Penalty Kill

Team Stat

Tampa Bay Lightning - Hits : 48 - Faceoff Wins : 28 - Blocked Shots : 7 - Penalty Minutes : 6
Florida Panthers - Hits : 22 - Faceoff Wins : 28 - Blocked Shots : 11 - Penalty Minutes : 4

Official

Referees : Kelly Sutherland and Brad Meier
Linesman : Tony Sericolo and Kiel Murchison

Game Notes

No Game Note

Finance

Level 1 -- Attendance: 9467 (94.67%) -- Ticket Income fr. 757'360
Level 2 -- Attendance: 1615 (80.75%) -- Ticket Income fr. 104'975
Level 3 -- Attendance: 2922 (83.49%) -- Ticket Income fr. 102'270
Level 4 -- Attendance: 1386 (95.59%) -- Ticket Income fr. 27'720
Luxury Box -- Attendance: 42 (84.00%) -- Ticket Income fr. 8'400
Game was played at the BBT Center.
Total Attendance: 15432 (90.78%)
Total Ticket Income: fr. 1'000'725
Total Income: fr. 1'000'725

Tampa Bay Lightning

5 vs 5 Forward 
   Center                   Left Wing                Right Wing               Time % Phy DF OF 
 1 Yanni Gourde             Tyler Johnson            Ondrej Palat             33     0   2  3  
 2 Mathew Barzal            Alex Killorn             Vladimir Tarasenko       28     0   2  3  
 3 Victor Rask              Jonathan Drouin          Joonas Donskoi           24     1   2  2  
 4 Zack Smith               Cedric Paquette          Vladislav Namestnikov    15     2   2  1  

5 vs 5 Defense 
   Defense                  Defense                                           Time % Phy DF OF 
 1 Anton Stralman           Marc-Edouard Vlasic                               42     1   3  1  
 2 Victor Hedman            Travis Hamonic                                    33     0   3  2  
 3 Andrej Sustr             Travis Hamonic                                    25     1   3  1  
 4 Victor Hedman            Marc-Edouard Vlasic                               0      1   2  2  

PowerPlay Forward 
   Center                   Left Wing                Right Wing               Time % Phy DF OF 
 1 Mathew Barzal            Alex Killorn             Vladimir Tarasenko       55     1   0  4  
 2 Yanni Gourde             Tyler Johnson            Jonathan Drouin          45     1   0  4  

PowerPlay Defense
   Defense                  Defense                                           Time % Phy DF OF 
 1 Marc-Edouard Vlasic      Victor Hedman                                     55     0   1  4  
 2 Anton Stralman           Radko Gudas                                       45     0   1  4  

Penalty Kill 4 Players Forward 
   Center                   Wing                     Time % Phy DF OF 
 1 Zack Smith               Alex Killorn             50     0   4  1  
 2 Tyler Johnson            Ondrej Palat             50     1   3  1  

Penalty Kill 4 Players Defense
   Defense                  Defense                  Time % Phy DF OF 
 1 Victor Hedman            Travis Hamonic           50     1   4  0  
 2 Anton Stralman           Marc-Edouard Vlasic      50     1   4  0  

Penalty Kill - 3 Players Forward 
   Forward                                           Time % Phy DF OF 
 1 Zack Smith                                        50     0   4  1  
 2 Ondrej Palat                                      50     0   4  1  

Penalty Kill - 3 Players Defense
   Defense                  Defense                  Time % Phy DF OF 
 1 Victor Hedman            Travis Hamonic           50     0   5  0  
 2 Anton Stralman           Marc-Edouard Vlasic      50     1   4  0  

4 vs 4 Forward 
   Center                   Wing                     Time % Phy DF OF 
 1 Tyler Johnson            Alex Killorn             50     0   1  4  
 2 Mathew Barzal            Vladimir Tarasenko       50     0   2  3  

4 vs 4 Defense
   Defense                  Defense                  Time % Phy DF OF 
 1 Anton Stralman           Marc-Edouard Vlasic      50     0   2  3  
 2 Radko Gudas              Victor Hedman            50     0   2  3  

Last Minutes Offensive
   Center                   Left Wing                Right Wing               Defense                  Defense                  
   Mathew Barzal            Alex Killorn             Vladimir Tarasenko       Radko Gudas              Victor Hedman            

Last Minutes Defensive
   Center                   Left Wing                Right Wing               Defense                  Defense                  
   Yanni Gourde             Tyler Johnson            Ondrej Palat             Anton Stralman           Marc-Edouard Vlasic      

Goaltenders
Starting : Andrei Vasilevskiy       
Backup : Casey DeSmith            

Extra Forwards
Normal : Mathew Barzal, Vladimir Tarasenko, Yanni Gourde - PP : Mathew Barzal, Joonas Donskoi - PK : Tyler Johnson
Extra Defensemen
Normal : Victor Hedman, Marc-Edouard Vlasic, Anton Stralman - PP : Anton Stralman - PK : Victor Hedman, Marc-Edouard Vlasic
Penalty Shots
Tyler Johnson, Vladimir Tarasenko, Mathew Barzal, Joonas Donskoi, Jonathan Drouin
Custom OT Lines Forwards
Yanni Gourde, Vladimir Tarasenko, Mathew Barzal, Tyler Johnson, Vladislav Namestnikov, Jonathan Drouin, Alex Killorn, Zack Smith, Ondrej Palat, Joonas Donskoi
Custom OT Lines Defensemen
Victor Hedman, Marc-Edouard Vlasic, Anton Stralman, Radko Gudas, Travis Hamonic

Scratches
None

Florida Panthers

5 vs 5 Forward 
   Center                   Left Wing                Right Wing               Time % Phy DF OF 
 1 Aleksander Barkov        Jonathan Huberdeau       Nick Bjugstad            30     0   1  4  
 2 Vincent Trocheck         Brock Boeser             Jimmy Vesey              30     0   1  4  
 3 Jared McCann             Melker Karlsson          Radim Vrbata             25     1   2  2  
 4 Mark Jankowski           Aleksander Barkov        Brett Ritchie            15     1   2  2  

5 vs 5 Defense 
   Defense                  Defense                                           Time % Phy DF OF 
 1 Keith Yandle             Darnell Nurse                                     30     1   2  2  
 2 Brooks Orpik             Jay Bouwmeester                                   30     1   2  2  
 3 Mike Matheson            Mark Pysyk                                        25     1   2  2  
 4 Keith Yandle             Darnell Nurse                                     15     1   2  2  

PowerPlay Forward 
   Center                   Left Wing                Right Wing               Time % Phy DF OF 
 1 Aleksander Barkov        Jonathan Huberdeau       Nick Bjugstad            50     0   0  5  
 2 Vincent Trocheck         Jared McCann             Jimmy Vesey              50     0   1  4  

PowerPlay Defense
   Defense                  Defense                                           Time % Phy DF OF 
 1 Keith Yandle             Darnell Nurse                                     50     1   2  2  
 2 Brooks Orpik             Jay Bouwmeester                                   50     1   2  2  

Penalty Kill 4 Players Forward 
   Center                   Wing                     Time % Phy DF OF 
 1 Aleksander Barkov        Vincent Trocheck         50     1   2  2  
 2 Jonathan Huberdeau       Nick Bjugstad            50     1   2  2  

Penalty Kill 4 Players Defense
   Defense                  Defense                  Time % Phy DF OF 
 1 Keith Yandle             Darnell Nurse            50     1   2  2  
 2 Brooks Orpik             Jay Bouwmeester          50     1   2  2  

Penalty Kill - 3 Players Forward 
   Forward                                           Time % Phy DF OF 
 1 Aleksander Barkov                                 50     1   2  2  
 2 Vincent Trocheck                                  50     1   2  2  

Penalty Kill - 3 Players Defense
   Defense                  Defense                  Time % Phy DF OF 
 1 Keith Yandle             Darnell Nurse            50     1   2  2  
 2 Brooks Orpik             Jay Bouwmeester          50     1   2  2  

4 vs 4 Forward 
   Center                   Wing                     Time % Phy DF OF 
 1 Aleksander Barkov        Vincent Trocheck         50     1   2  2  
 2 Jonathan Huberdeau       Nick Bjugstad            50     1   2  2  

4 vs 4 Defense
   Defense                  Defense                  Time % Phy DF OF 
 1 Keith Yandle             Darnell Nurse            50     1   2  2  
 2 Brooks Orpik             Jay Bouwmeester          50     1   2  2  

Last Minutes Offensive
   Center                   Left Wing                Right Wing               Defense                  Defense                  
   Aleksander Barkov        Jonathan Huberdeau       Nick Bjugstad            Keith Yandle             Darnell Nurse            

Last Minutes Defensive
   Center                   Left Wing                Right Wing               Defense                  Defense                  
   Aleksander Barkov        Jonathan Huberdeau       Nick Bjugstad            Keith Yandle             Darnell Nurse            

Goaltenders
Starting : Roberto Luongo           
Backup : Scott Darling            

Extra Forwards
Normal : Aleksander Barkov, Jared McCann, Mark Jankowski - PP : Aleksander Barkov, Jared McCann - PK : Mark Jankowski
Extra Defensemen
Normal : Mike Matheson, Mark Pysyk, Brooks Orpik - PP : Mike Matheson - PK : Mark Pysyk, Brooks Orpik
Penalty Shots
Aleksander Barkov, Vincent Trocheck, Jonathan Huberdeau, Mark Jankowski, Nick Bjugstad
Custom OT Lines Forwards
Aleksander Barkov, Vincent Trocheck, Jonathan Huberdeau, Brock Boeser, Nick Bjugstad, Jared McCann, Mark Jankowski, Jimmy Vesey, Radim Vrbata, Melker Karlsson
Custom OT Lines Defensemen
Keith Yandle, Darnell Nurse, Brooks Orpik, Jay Bouwmeester, Mike Matheson

Scratches
Cody McLeod (Healthy), Henrik Borgstrom (Healthy), Justin Holl (Healthy)

% Time on Ice - Tampa Bay Lightning

Lines # - Real PCT - Wanted PCT - Time Play
Normal Forward
1 - 28% - 33% - 14:38
2 - 26% - 28% - 13:43
3 - 23% - 24% - 11:41
4 - 23% - 15% - 11:44
Normal Defense
1 - 37% - 42% - 19:13
2 - 29% - 33% - 14:46
3 - 27% - 25% - 14:09
4 - 7% - 0% - 3:38
PP Forward
1 - 55% - 55% - 2:12
2 - 45% - 45% - 1:46
PP Defense
1 - 59% - 55% - 2:21
2 - 41% - 45% - 1:37
PK Forward
1 - 51% - 50% - 2:10
2 - 49% - 50% - 2:06
PK Defense
1 - 71% - 50% - 3:03
2 - 29% - 50% - 1:13
PK3 Forward
1 - 0% - 50%
2 - 0% - 50%
PK3 Defense
1 - 0% - 50%
2 - 0% - 50%
44 Forward
1 - 0% - 50%
2 - 0% - 50%
44 Defense
1 - 0% - 50%
2 - 0% - 50%
Last Minute Offensive  - 0:00
Last Minute Defensive  - 0:00
Total
Forward - 60:00
Defense - 60:00

% Time on Ice - Florida Panthers

Lines # - Real PCT - Wanted PCT - Time Play
Normal Forward
1 - 27% - 30% - 13:34
2 - 31% - 30% - 15:50
3 - 28% - 25% - 14:06
4 - 15% - 15% - 7:36
Normal Defense
1 - 27% - 30% - 13:45
2 - 30% - 30% - 15:35
3 - 32% - 25% - 16:18
4 - 11% - 15% - 5:28
PP Forward
1 - 52% - 50% - 2:13
2 - 48% - 50% - 2:03
PP Defense
1 - 50% - 50% - 2:08
2 - 50% - 50% - 2:08
PK Forward
1 - 45% - 50% - 1:48
2 - 55% - 50% - 2:10
PK Defense
1 - 54% - 50% - 2:08
2 - 46% - 50% - 1:50
PK3 Forward
1 - 0% - 50%
2 - 0% - 50%
PK3 Defense
1 - 0% - 50%
2 - 0% - 50%
44 Forward
1 - 0% - 50%
2 - 0% - 50%
44 Defense
1 - 0% - 50%
2 - 0% - 50%
Last Minute Offensive  - 0:40
Last Minute Defensive  - 0:00
Total
Forward - 60:00
Defense - 60:00

Play-by-Play

1st period


0:01 of 1st period - Aleksander Barkov wins face-off versus Yanni Gourde in neutral zone.
0:10 of 1st period - Snap shot by Yanni Gourde.
0:10 of 1st period - Shot Blocked by Keith Yandle.
0:12 of 1st period - Slapshot by Anton Stralman.
0:12 of 1st period - Shot Blocked by Darnell Nurse.
0:33 of 1st period - Snap shot by Brock Boeser.
0:33 of 1st period - Stopped by Andrei Vasilevskiy without a rebound.
0:34 of 1st period - Victor Rask wins face-off versus Melker Karlsson in Tampa Bay Lightning zone.
1:05 of 1st period - Victor Hedman is hit by Aleksander Barkov and loses puck.
1:26 of 1st period - Vincent Trocheck is hit by Ondrej Palat and loses puck.
3:15 of 1st period - Snap shot by Melker Karlsson.
3:15 of 1st period - Stopped by Andrei Vasilevskiy without a rebound.
3:16 of 1st period - Jared McCann wins face-off versus Zack Smith in Tampa Bay Lightning zone.
3:24 of 1st period - Snap shot by Melker Karlsson.
3:24 of 1st period - Shot Misses the Net.
3:39 of 1st period - Off-side.
3:40 of 1st period - Vincent Trocheck wins face-off versus Mathew Barzal in neutral zone.
4:18 of 1st period - Snap shot by Mathew Barzal.
4:18 of 1st period - Shot Blocked by Mark Pysyk.
4:25 of 1st period - Off-side.
4:26 of 1st period - Yanni Gourde wins face-off versus Nick Bjugstad in neutral zone.
4:29 of 1st period - Snap shot by Yanni Gourde.
4:29 of 1st period - Shot Hit the Post.
4:31 of 1st period - Wrist shot by Yanni Gourde.
4:31 of 1st period - Stopped by Roberto Luongo with a rebound.
4:58 of 1st period - Slapshot by Marc-Edouard Vlasic.
4:58 of 1st period - Stopped by Roberto Luongo with a rebound.
5:00 of 1st period - Slapshot by Anton Stralman.
5:00 of 1st period - Shot Blocked by Jay Bouwmeester.
5:02 of 1st period - Slapshot by Marc-Edouard Vlasic.
5:02 of 1st period - Stopped by Roberto Luongo without a rebound.
5:03 of 1st period - Jared McCann wins face-off versus Yanni Gourde in Florida Panthers zone.
5:22 of 1st period - Andrej Sustr is hit by Mark Pysyk and loses puck.
6:00 of 1st period - Wrist shot by Yanni Gourde.
6:00 of 1st period - Stopped by Roberto Luongo with a rebound.
6:02 of 1st period - Slapshot by Andrej Sustr.
6:02 of 1st period - Stopped by Roberto Luongo with a rebound.
6:14 of 1st period - Snap shot by Ondrej Palat.
6:14 of 1st period - Stopped by Roberto Luongo with a rebound.
6:16 of 1st period - Snap shot by Travis Hamonic.
6:16 of 1st period - Shot Misses the Net.
6:18 of 1st period - Slapshot by Yanni Gourde.
6:18 of 1st period - Deflect By Ondrej Palat.
6:18 of 1st period - Stopped by Roberto Luongo without a rebound.
6:19 of 1st period - Victor Rask wins face-off versus Mark Jankowski in Florida Panthers zone.
6:53 of 1st period - Vincent Trocheck is hit by Victor Hedman and loses puck.
7:04 of 1st period - Keith Yandle is hit by Zack Smith and loses puck.
7:10 of 1st period - Off-side.
7:11 of 1st period - Zack Smith wins face-off versus Aleksander Barkov in neutral zone.
7:20 of 1st period - Slapshot by Vladislav Namestnikov.
7:20 of 1st period - Stopped by Roberto Luongo with a rebound.
8:07 of 1st period - Darnell Nurse is hit by Alex Killorn.
8:52 of 1st period - Jonathan Huberdeau is hit by Alex Killorn and loses puck.
9:42 of 1st period - Slapshot by Mathew Barzal.
9:42 of 1st period - Stopped by Roberto Luongo with a rebound.
9:58 of 1st period - Brooks Orpik is hit by Tyler Johnson and loses puck.
10:11 of 1st period - Mark Pysyk is hit by Joonas Donskoi and loses puck.
10:24 of 1st period - Slapshot by Vladislav Namestnikov.
10:24 of 1st period - Stopped by Roberto Luongo without a rebound.
10:25 of 1st period - Zack Smith wins face-off versus Mark Jankowski in Florida Panthers zone.
11:13 of 1st period - Brock Boeser is hit by Tyler Johnson and loses puck.
11:20 of 1st period - Wrist shot by Vincent Trocheck.
11:20 of 1st period - Stopped by Andrei Vasilevskiy with a rebound.
11:22 of 1st period - Snap shot by Vincent Trocheck.
11:22 of 1st period - Shot Blocked by Marc-Edouard Vlasic.
11:29 of 1st period - Icing by Marc-Edouard Vlasic.
11:30 of 1st period - Aleksander Barkov wins face-off versus Mathew Barzal in Tampa Bay Lightning zone.
11:57 of 1st period - Travis Hamonic is hit by Keith Yandle and loses puck.
12:07 of 1st period - Icing by Travis Hamonic.
12:08 of 1st period - Victor Rask wins face-off versus Aleksander Barkov in Tampa Bay Lightning zone.
12:35 of 1st period - Wrist shot by Melker Karlsson.
12:35 of 1st period - Stopped by Andrei Vasilevskiy without a rebound.
12:36 of 1st period - Jared McCann wins face-off versus Yanni Gourde in Tampa Bay Lightning zone.
12:43 of 1st period - Snap shot by Yanni Gourde.
12:43 of 1st period - Stopped by Roberto Luongo without a rebound.
12:44 of 1st period - Aleksander Barkov wins face-off versus Yanni Gourde in Florida Panthers zone.
13:30 of 1st period - Slapshot by Victor Rask.
13:30 of 1st period - Shot Blocked by Jared McCann.
13:32 of 1st period - Slapshot by Marc-Edouard Vlasic.
13:32 of 1st period - Shot Blocked by Jay Bouwmeester.
14:10 of 1st period - Mike Matheson is hit by Yanni Gourde and loses puck.
14:28 of 1st period - Travis Hamonic is hit by Mark Pysyk.
14:56 of 1st period - Radim Vrbata is hit by Travis Hamonic and loses puck.
15:07 of 1st period - Darnell Nurse is hit by Ondrej Palat and loses puck.
15:36 of 1st period - Slapshot by Radim Vrbata.
15:36 of 1st period - Deflect By Melker Karlsson.
15:36 of 1st period - Stopped by Andrei Vasilevskiy without a rebound.
15:37 of 1st period - Mathew Barzal wins face-off versus Aleksander Barkov in Tampa Bay Lightning zone.
15:46 of 1st period - Aleksander Barkov is hit by Radko Gudas and loses puck.
15:51 of 1st period - Snap shot by Mathew Barzal.
15:51 of 1st period - Goal by Mathew Barzal - Tampa Bay Lightning : 1 - Florida Panthers : 0.
15:52 of 1st period - Aleksander Barkov wins face-off versus Yanni Gourde in neutral zone.
15:57 of 1st period - Snap shot by Aleksander Barkov.
15:57 of 1st period - Shot Misses the Net.
15:59 of 1st period - Wrist shot by Aleksander Barkov.
15:59 of 1st period - Shot Misses the Net.
17:20 of 1st period - Icing by Travis Hamonic.
17:21 of 1st period - Aleksander Barkov wins face-off versus Tyler Johnson in Tampa Bay Lightning zone.
17:36 of 1st period - Jay Bouwmeester is hit by Ondrej Palat.
17:46 of 1st period - Marc-Edouard Vlasic is hit by Jimmy Vesey and loses puck.
18:32 of 1st period - Snap shot by Vladislav Namestnikov.
18:32 of 1st period - Stopped by Roberto Luongo with a rebound.
18:34 of 1st period - Snap shot by Vladislav Namestnikov.
18:34 of 1st period - Shot Blocked by Melker Karlsson.
19:26 of 1st period - Snap shot by Mathew Barzal.
19:26 of 1st period - Stopped by Roberto Luongo with a rebound.
19:50 of 1st period - Snap shot by Vladimir Tarasenko.
19:50 of 1st period - Stopped by Roberto Luongo without a rebound.
19:51 of 1st period - Yanni Gourde wins face-off versus Vincent Trocheck in Florida Panthers zone.
Goals for this period are 1 for Tampa Bay Lightning vs 0 for Florida Panthers.
Shots for this period are 15 for Tampa Bay Lightning vs 5 for Florida Panthers.

2nd period


0:01 of 2nd period - Aleksander Barkov wins face-off versus Yanni Gourde in neutral zone.
0:08 of 2nd period - Wrist shot by Jonathan Huberdeau.
0:08 of 2nd period - Shot Blocked by Anton Stralman.
0:10 of 2nd period - Snap shot by Darnell Nurse.
0:10 of 2nd period - Stopped by Andrei Vasilevskiy with a rebound.
0:12 of 2nd period - Slapshot by Darnell Nurse.
0:12 of 2nd period - Stopped by Andrei Vasilevskiy without a rebound.
0:13 of 2nd period - Aleksander Barkov wins face-off versus Vladimir Tarasenko in Tampa Bay Lightning zone.
0:20 of 2nd period - Slapshot by Jonathan Huberdeau.
0:20 of 2nd period - Shot Blocked by Anton Stralman.
1:20 of 2nd period - Snap shot by Vladislav Namestnikov.
1:20 of 2nd period - Shot Misses the Net.
2:02 of 2nd period - Off-side.
2:03 of 2nd period - Vincent Trocheck wins face-off versus Yanni Gourde in neutral zone.
2:28 of 2nd period - Brock Boeser is hit by Mathew Barzal.
2:56 of 2nd period - Victor Rask is hit by Brooks Orpik and loses puck.
3:05 of 2nd period - Wrist shot by Radim Vrbata.
3:05 of 2nd period - Shot Misses the Net.
3:07 of 2nd period - Snap shot by Radim Vrbata.
3:07 of 2nd period - Shot Blocked by Victor Rask.
3:17 of 2nd period - Nick Bjugstad is hit by Cedric Paquette and loses puck.
4:34 of 2nd period - Slapshot by Travis Hamonic.
4:34 of 2nd period - Deflect By Keith Yandle.
4:34 of 2nd period - Stopped by Roberto Luongo with a rebound.
4:54 of 2nd period - Mathew Barzal is hit by Mark Jankowski and loses puck.
5:51 of 2nd period - Jimmy Vesey is hit by Jonathan Drouin and loses puck.
5:58 of 2nd period - Snap shot by Joonas Donskoi.
5:58 of 2nd period - Stopped by Roberto Luongo without a rebound.
5:59 of 2nd period - Yanni Gourde wins face-off versus Jared McCann in Florida Panthers zone.
6:11 of 2nd period - Radim Vrbata is hit by Ondrej Palat and loses puck.
6:57 of 2nd period - Snap shot by Aleksander Barkov.
6:57 of 2nd period - Stopped by Andrei Vasilevskiy with a rebound.
7:18 of 2nd period - Icing by Cedric Paquette.
7:19 of 2nd period - Zack Smith wins face-off versus Vincent Trocheck in Tampa Bay Lightning zone.
7:24 of 2nd period - Wrist shot by Vincent Trocheck.
7:24 of 2nd period - Shot Blocked by Andrej Sustr.
7:46 of 2nd period - Snap shot by Vladislav Namestnikov.
7:46 of 2nd period - Shot Misses the Net.
7:50 of 2nd period - Snap shot by Vladislav Namestnikov.
7:50 of 2nd period - Shot Misses the Net.
7:52 of 2nd period - Snap shot by Cedric Paquette.
7:52 of 2nd period - Shot Misses the Net.
7:54 of 2nd period - Slapshot by Zack Smith.
7:54 of 2nd period - Shot Misses the Net.
7:56 of 2nd period - Wrist shot by Zack Smith.
7:56 of 2nd period - Goal by Zack Smith - Tampa Bay Lightning : 2 - Florida Panthers : 0.
7:57 of 2nd period - Yanni Gourde wins face-off versus Aleksander Barkov in neutral zone.
8:04 of 2nd period - Wrist shot by Tyler Johnson.
8:04 of 2nd period - Stopped by Roberto Luongo without a rebound.
8:05 of 2nd period - Yanni Gourde wins face-off versus Jonathan Huberdeau in Florida Panthers zone.
8:40 of 2nd period - Wrist shot by Tyler Johnson.
8:40 of 2nd period - Shot Misses the Net.
8:42 of 2nd period - Snap shot by Yanni Gourde.
8:42 of 2nd period - Shot Blocked by Keith Yandle.
8:44 of 2nd period - Slapshot by Marc-Edouard Vlasic.
8:44 of 2nd period - Stopped by Roberto Luongo with a rebound.
8:46 of 2nd period - Snap shot by Tyler Johnson.
8:46 of 2nd period - Shot Blocked by Keith Yandle.
8:48 of 2nd period - Snap shot by Ondrej Palat.
8:48 of 2nd period - Shot Misses the Net.
9:00 of 2nd period - Snap shot by Tyler Johnson.
9:00 of 2nd period - Stopped by Roberto Luongo without a rebound.
9:01 of 2nd period - Aleksander Barkov wins face-off versus Joonas Donskoi in Florida Panthers zone.
9:26 of 2nd period - Brock Boeser is hit by Mathew Barzal and loses puck.
10:43 of 2nd period - Keith Yandle is hit by Anton Stralman and loses puck.
10:59 of 2nd period - Minor Penalty to Cedric Paquette for Holding.
11:00 of 2nd period - Vincent Trocheck wins face-off versus Zack Smith in Tampa Bay Lightning zone.
11:06 of 2nd period - Snap shot by Jared McCann.
11:06 of 2nd period - Shot Misses the Net.
11:08 of 2nd period - Slapshot by Brooks Orpik.
11:08 of 2nd period - Deflect By Alex Killorn.
11:08 of 2nd period - Stopped by Andrei Vasilevskiy without a rebound.
11:09 of 2nd period - Jimmy Vesey wins face-off versus Alex Killorn in Tampa Bay Lightning zone.
11:14 of 2nd period - Snap shot by Vincent Trocheck.
11:14 of 2nd period - Stopped by Andrei Vasilevskiy without a rebound.
11:15 of 2nd period - Tyler Johnson wins face-off versus Aleksander Barkov in Tampa Bay Lightning zone.
11:42 of 2nd period - Keith Yandle is hit by Alex Killorn and loses puck.
12:59 of 2nd period - Penalty to Cedric Paquette is over, Cedric Paquette is back on ice.
13:06 of 2nd period - Jonathan Drouin is hit by Brett Ritchie and loses puck.
13:13 of 2nd period - Jay Bouwmeester is hit by Victor Rask and loses puck.
13:29 of 2nd period - Brett Ritchie is hit by Cedric Paquette and loses puck.
13:40 of 2nd period - Mark Jankowski is hit by Victor Hedman and loses puck.
13:53 of 2nd period - Keith Yandle is hit by Marc-Edouard Vlasic and loses puck.
14:04 of 2nd period - Joonas Donskoi is hit by Brock Boeser and loses puck.
14:40 of 2nd period - Mike Matheson is hit by Travis Hamonic and loses puck.
14:55 of 2nd period - Mark Pysyk is hit by Zack Smith and loses puck.
15:22 of 2nd period - Snap shot by Ondrej Palat.
15:22 of 2nd period - Stopped by Roberto Luongo without a rebound.
15:23 of 2nd period - Ondrej Palat wins face-off versus Aleksander Barkov in Florida Panthers zone.
15:32 of 2nd period - Slapshot by Keith Yandle.
15:32 of 2nd period - Stopped by Andrei Vasilevskiy with a rebound.
15:34 of 2nd period - Snap shot by Nick Bjugstad.
15:34 of 2nd period - Stopped by Andrei Vasilevskiy with a rebound.
15:48 of 2nd period - Jared McCann is hit by Victor Hedman and loses puck.
15:59 of 2nd period - Slapshot by Victor Hedman.
15:59 of 2nd period - Deflect By Victor Rask.
15:59 of 2nd period - Shot Hit the Post.
15:59 of 2nd period - Puck is out of play.
16:00 of 2nd period - Mathew Barzal wins face-off versus Aleksander Barkov in Florida Panthers zone.
16:25 of 2nd period - Brooks Orpik is hit by Joonas Donskoi and loses puck.
16:34 of 2nd period - Snap shot by Joonas Donskoi.
16:34 of 2nd period - Stopped by Roberto Luongo with a rebound.
17:01 of 2nd period - Jimmy Vesey is hit by Vladislav Namestnikov and loses puck.
17:21 of 2nd period - Mike Matheson is hit by Vladimir Tarasenko and loses puck.
17:36 of 2nd period - Nick Bjugstad is hit by Joonas Donskoi and loses puck.
17:41 of 2nd period - Wrist shot by Joonas Donskoi.
17:41 of 2nd period - Shot Misses the Net.
17:49 of 2nd period - Snap shot by Jonathan Huberdeau.
17:49 of 2nd period - Shot Blocked by Travis Hamonic.
17:57 of 2nd period - Mike Matheson is hit by Ondrej Palat and loses puck.
18:12 of 2nd period - Aleksander Barkov is hit by Cedric Paquette and loses puck.
18:17 of 2nd period - Slapshot by Vladislav Namestnikov.
18:17 of 2nd period - Deflect By Zack Smith.
18:17 of 2nd period - Shot Misses the Net.
18:17 of 2nd period - Puck is out of play.
18:18 of 2nd period - Vincent Trocheck wins face-off versus Zack Smith in Florida Panthers zone.
18:27 of 2nd period - Wrist shot by Brock Boeser.
18:27 of 2nd period - Shot Misses the Net.
18:33 of 2nd period - Brock Boeser is hit by Cedric Paquette and loses puck.
18:44 of 2nd period - Vincent Trocheck is hit by Zack Smith and loses puck.
19:17 of 2nd period - Slapshot by Jimmy Vesey.
19:17 of 2nd period - Stopped by Andrei Vasilevskiy without a rebound.
19:18 of 2nd period - Jared McCann wins face-off versus Yanni Gourde in Tampa Bay Lightning zone.
19:19 of 2nd period - Slapshot by Melker Karlsson.
19:19 of 2nd period - Stopped by Andrei Vasilevskiy without a rebound.
19:20 of 2nd period - Jared McCann wins face-off versus Yanni Gourde in Tampa Bay Lightning zone.
19:47 of 2nd period - Slapshot by Vladimir Tarasenko.
19:47 of 2nd period - Stopped by Roberto Luongo with a rebound.
19:49 of 2nd period - Slapshot by Andrej Sustr.
19:49 of 2nd period - Stopped by Roberto Luongo with a rebound.
19:51 of 2nd period - Slapshot by Andrej Sustr.
19:51 of 2nd period - Deflect By Alex Killorn.
19:51 of 2nd period - Stopped by Roberto Luongo with a rebound.
Goals for this period are 1 for Tampa Bay Lightning vs 0 for Florida Panthers.
Shots for this period are 11 for Tampa Bay Lightning vs 9 for Florida Panthers.

3rd period


0:01 of 3rd period - Aleksander Barkov wins face-off versus Yanni Gourde in neutral zone.
0:27 of 3rd period - Marc-Edouard Vlasic is hit by Jimmy Vesey and loses puck.
0:58 of 3rd period - Cedric Paquette is hit by Vincent Trocheck and loses puck.
1:13 of 3rd period - Victor Rask is hit by Melker Karlsson and loses puck.
1:50 of 3rd period - Mark Jankowski is hit by Alex Killorn and loses puck.
2:03 of 3rd period - Snap shot by Vladimir Tarasenko.
2:03 of 3rd period - Shot Blocked by Mark Jankowski.
2:30 of 3rd period - Zack Smith is hit by Radim Vrbata and loses puck.
2:51 of 3rd period - Wrist shot by Jonathan Drouin.
2:51 of 3rd period - Stopped by Roberto Luongo with a rebound.
3:05 of 3rd period - Jonathan Huberdeau is hit by Ondrej Palat and loses puck.
3:20 of 3rd period - Mathew Barzal is hit by Brock Boeser and loses puck.
3:29 of 3rd period - Keith Yandle is hit by Alex Killorn.
3:30 of 3rd period - Icing by Keith Yandle.
3:31 of 3rd period - Vincent Trocheck wins face-off versus Yanni Gourde in Florida Panthers zone.
3:46 of 3rd period - Snap shot by Radim Vrbata.
3:46 of 3rd period - Stopped by Andrei Vasilevskiy without a rebound.
3:47 of 3rd period - Victor Rask wins face-off versus Jared McCann in Tampa Bay Lightning zone.
3:47 of 3rd period - Victor Rask is hit by Darnell Nurse.
3:56 of 3rd period - Minor Penalty to Jared McCann for Hooking.
3:57 of 3rd period - Mathew Barzal wins face-off versus Aleksander Barkov in Florida Panthers zone.
5:56 of 3rd period - Penalty to Jared McCann is over, Jared McCann is back on ice.
5:59 of 3rd period - Snap shot by Vincent Trocheck.
5:59 of 3rd period - Shot Misses the Net.
6:21 of 3rd period - Travis Hamonic is hit by Mike Matheson and loses puck.
7:21 of 3rd period - Icing by Darnell Nurse.
7:22 of 3rd period - Mathew Barzal wins face-off versus Jared McCann in Florida Panthers zone.
7:29 of 3rd period - Darnell Nurse is hit by Marc-Edouard Vlasic.
7:52 of 3rd period - Vladimir Tarasenko is hit by Vincent Trocheck and loses puck.
8:39 of 3rd period - Snap shot by Ondrej Palat.
8:39 of 3rd period - Stopped by Roberto Luongo without a rebound.
8:40 of 3rd period - Victor Rask wins face-off versus Vincent Trocheck in Florida Panthers zone.
8:48 of 3rd period - Keith Yandle is hit by Travis Hamonic and loses puck.
8:55 of 3rd period - Keith Yandle is hit by Jonathan Drouin.
9:05 of 3rd period - Jared McCann is hit by Ondrej Palat and loses puck.
9:42 of 3rd period - Andrej Sustr is hit by Brock Boeser and loses puck.
9:53 of 3rd period - Mike Matheson is hit by Vladislav Namestnikov and loses puck.
10:30 of 3rd period - Jay Bouwmeester is hit by Ondrej Palat.
10:42 of 3rd period - Jay Bouwmeester is hit by Alex Killorn and loses puck.
11:01 of 3rd period - Snap shot by Aleksander Barkov.
11:01 of 3rd period - Shot Misses the Net.
11:59 of 3rd period - Nick Bjugstad is hit by Joonas Donskoi and loses puck.
12:57 of 3rd period - Ondrej Palat is hit by Mark Pysyk and loses puck.
13:01 of 3rd period - Icing by Yanni Gourde.
13:02 of 3rd period - Yanni Gourde wins face-off versus Melker Karlsson in Tampa Bay Lightning zone.
13:24 of 3rd period - Joonas Donskoi is hit by Keith Yandle and loses puck.
13:45 of 3rd period - Wrist shot by Vladimir Tarasenko.
13:45 of 3rd period - Stopped by Roberto Luongo without a rebound.
13:46 of 3rd period - Vincent Trocheck wins face-off versus Vladimir Tarasenko in Florida Panthers zone.
13:46 of 3rd period - Vincent Trocheck is hit by Radko Gudas.
13:53 of 3rd period - Minor Penalty to Radko Gudas for Tripping.
13:54 of 3rd period - Aleksander Barkov wins face-off versus Tyler Johnson in Tampa Bay Lightning zone.
14:03 of 3rd period - Slapshot by Aleksander Barkov.
14:03 of 3rd period - Shot Hit the Post.
14:05 of 3rd period - Snap shot by Nick Bjugstad.
14:05 of 3rd period - Stopped by Andrei Vasilevskiy without a rebound.
14:06 of 3rd period - Vincent Trocheck wins face-off versus Zack Smith in Tampa Bay Lightning zone.
14:11 of 3rd period - Wrist shot by Jared McCann.
14:11 of 3rd period - Goal by Jared McCann - Tampa Bay Lightning : 2 - Florida Panthers : 1.
14:12 of 3rd period - Yanni Gourde wins face-off versus Aleksander Barkov in neutral zone.
14:33 of 3rd period - Minor Penalty to Nick Bjugstad for Holding.
14:34 of 3rd period - Mathew Barzal wins face-off versus Jonathan Huberdeau in Florida Panthers zone.
14:37 of 3rd period - Wrist shot by Vladimir Tarasenko.
14:37 of 3rd period - Shot Misses the Net.
14:39 of 3rd period - Snap shot by Alex Killorn.
14:39 of 3rd period - Shot Blocked by Mark Jankowski.
14:41 of 3rd period - Wrist shot by Vladimir Tarasenko.
14:41 of 3rd period - Stopped by Roberto Luongo without a rebound.
14:42 of 3rd period - Mathew Barzal wins face-off versus Jonathan Huberdeau in Florida Panthers zone.
14:49 of 3rd period - Snap shot by Vladimir Tarasenko.
14:49 of 3rd period - Stopped by Roberto Luongo without a rebound.
14:50 of 3rd period - Mathew Barzal wins face-off versus Aleksander Barkov in Florida Panthers zone.
16:33 of 3rd period - Penalty to Nick Bjugstad is over, Nick Bjugstad is back on ice.
16:38 of 3rd period - Slapshot by Zack Smith.
16:38 of 3rd period - Shot Misses the Net.
16:40 of 3rd period - Snap shot by Zack Smith.
16:40 of 3rd period - Shot Misses the Net.
16:42 of 3rd period - Wrist shot by Andrej Sustr.
16:42 of 3rd period - Stopped by Roberto Luongo with a rebound.
16:44 of 3rd period - Slapshot by Cedric Paquette.
16:44 of 3rd period - Stopped by Roberto Luongo with a rebound.
16:46 of 3rd period - Slapshot by Travis Hamonic.
16:46 of 3rd period - Deflect By Vladislav Namestnikov.
16:46 of 3rd period - Stopped by Roberto Luongo without a rebound.
16:47 of 3rd period - Zack Smith wins face-off versus Jared McCann in Florida Panthers zone.
16:47 of 3rd period - Zack Smith is hit by Mike Matheson.
16:59 of 3rd period - Wrist shot by Zack Smith.
16:59 of 3rd period - Stopped by Roberto Luongo with a rebound.
17:01 of 3rd period - Snap shot by Cedric Paquette.
17:01 of 3rd period - Stopped by Roberto Luongo with a rebound.
17:15 of 3rd period - Minor Penalty to Travis Hamonic for Hooking.
17:16 of 3rd period - Tyler Johnson wins face-off versus Aleksander Barkov in Tampa Bay Lightning zone.
17:32 of 3rd period - Snap shot by Aleksander Barkov.
17:32 of 3rd period - Shot Misses the Net.
17:50 of 3rd period - Wrist shot by Jared McCann.
17:50 of 3rd period - Stopped by Andrei Vasilevskiy without a rebound.
17:51 of 3rd period - Aleksander Barkov wins face-off versus Tyler Johnson in Tampa Bay Lightning zone.
17:52 of 3rd period - Snap shot by Jonathan Huberdeau.
17:52 of 3rd period - Shot Misses the Net.
17:54 of 3rd period - Wrist shot by Keith Yandle.
17:54 of 3rd period - Deflect By Jonathan Huberdeau.
17:54 of 3rd period - Shot Misses the Net.
17:54 of 3rd period - Puck is out of play.
17:55 of 3rd period - Aleksander Barkov wins face-off versus Tyler Johnson in Tampa Bay Lightning zone.
18:06 of 3rd period - Wrist shot by Ondrej Palat.
18:06 of 3rd period - Deflect By Aleksander Barkov.
18:06 of 3rd period - Stopped by Roberto Luongo without a rebound.
18:07 of 3rd period - Vincent Trocheck wins face-off versus Zack Smith in Florida Panthers zone.
18:14 of 3rd period - Slapshot by Vincent Trocheck.
18:14 of 3rd period - Deflect By Jared McCann.
18:14 of 3rd period - Stopped by Andrei Vasilevskiy without a rebound.
18:15 of 3rd period - Vincent Trocheck wins face-off versus Zack Smith in Tampa Bay Lightning zone.
18:26 of 3rd period - Slapshot by Jared McCann.
18:26 of 3rd period - Stopped by Andrei Vasilevskiy with a rebound.
18:40 of 3rd period - Jonathan Huberdeau is hit by Marc-Edouard Vlasic and loses puck.
18:49 of 3rd period - Wrist shot by Jonathan Huberdeau.
18:49 of 3rd period - Shot Blocked by Marc-Edouard Vlasic.
19:15 of 3rd period - Penalty to Travis Hamonic is over, Travis Hamonic is back on ice.
19:27 of 3rd period - Snap shot by Ondrej Palat.
19:27 of 3rd period - Shot Misses the Net.
19:35 of 3rd period - Travis Hamonic is hit by Jay Bouwmeester and loses puck.
19:38 of 3rd period - Florida Panthers, Roberto Luongo is pulled from the net.
19:52 of 3rd period - Wrist shot by Aleksander Barkov.
19:52 of 3rd period - Shot Misses the Net.
19:54 of 3rd period - Wrist shot by Aleksander Barkov.
19:54 of 3rd period - Goal by Aleksander Barkov - Tampa Bay Lightning : 2 - Florida Panthers : 2.
19:54 of 3rd period - Roberto Luongo from Florida Panthers was sent back in the game.
19:55 of 3rd period - Yanni Gourde wins face-off versus Aleksander Barkov in neutral zone.
Goals for this period are 0 for Tampa Bay Lightning vs 2 for Florida Panthers.
Shots for this period are 11 for Tampa Bay Lightning vs 7 for Florida Panthers.

Overtime #1


0:01 of 1st overtime period - Vincent Trocheck wins face-off versus Mathew Barzal in neutral zone.
0:10 of 1st overtime period - Snap shot by Aleksander Barkov.
0:10 of 1st overtime period - Stopped by Andrei Vasilevskiy without a rebound.
0:11 of 1st overtime period - Yanni Gourde wins face-off versus Vincent Trocheck in Tampa Bay Lightning zone.
0:18 of 1st overtime period - Wrist shot by Vladimir Tarasenko.
0:18 of 1st overtime period - Deflect By Yanni Gourde.
0:18 of 1st overtime period - Stopped by Roberto Luongo with a rebound.
0:45 of 1st overtime period - Snap shot by Brock Boeser.
0:45 of 1st overtime period - Deflect By Jonathan Huberdeau.
0:45 of 1st overtime period - Goal by Jonathan Huberdeau - Tampa Bay Lightning : 2 - Florida Panthers : 3.
Goals for this period are 0 for Tampa Bay Lightning vs 1 for Florida Panthers.
Shots for this period are 1 for Tampa Bay Lightning vs 2 for Florida Panthers.